 Dungeon Crawl Stone Soup version 0.20.1-1-g8b1a95d (webtiles) character file.

145 Frqise the Shield-Bearer (level 5, -2/69 HPs)
             Began as a Hill Orc Fighter on July 9, 2017.
             Slain by an orc
             ... wielding a +0 trident
              (3 damage)
             ... on level 4 of the Dungeon.
             The game lasted 00:06:54 (3119 turns).

Frqise the Shield-Bearer (Hill Orc Fighter)         Turns: 3119, Time: 00:06:54

Health: -2/69      AC:  8    Str: 25    XL:     5   Next: 27%
Magic:  5/5        EV:  8    Int:  8    God:    Xom [..*...]
Gold:   169        SH: 10    Dex: 10    Spells: 4/4 levels left

rFire    . . .     SeeInvis .   a - +0 long sword
rCold    . . .     Gourm    .   c - +0 shield
rNeg     . . .     Faith    .   b - +0 scale mail
rPois    .         Spirit   .   (no helmet)
rElec    .         Reflect  .   (no cloak)
rCorr    .         Harm     .   (no gloves)
MR       .....                  g - +0 pair of boots
Stlth    ..........             (no amulet)
Regen    0.3/turn               (no ring)
MPRegen  0.1/turn               (no ring)

@: berserking, very quick
A: no striking features
a: Renounce Religion, Convert to Beogh


You were on level 4 of the Dungeon.
You worshipped Xom.
You were a toy of Xom.
You were not hungry.

You visited 1 branch of the dungeon, and saw 4 of its levels.

You collected 169 gold pieces.

Inventory:

Hand Weapons
 a - a +0 long sword (weapon)
Armour
 b - a +0 scale mail (worn)
 c - a +0 shield (worn)
 g - a +0 pair of boots (worn)
Scrolls
 h - a scroll of fog
 m - 3 scrolls of remove curse
 q - 2 scrolls of identify
 r - a scroll of teleportation {unknown}
 s - a scroll of enchant weapon {unknown}
Potions
 d - a potion of might
 f - a potion of cancellation
 j - 2 potions of resistance {unknown}
 l - a potion of brilliance {unknown}
 n - a potion of flight {unknown}
Comestibles
 i - 4 fruits
 k - 2 royal jellies
 o - a meat ration
 p - 2 bread rations


   Skills:
 + Level 4.2 Fighting
 + Level 3.2 Long Blades
 + Level 4.1 Armour
 + Level 1.0 Dodging
 + Level 4.5 Shields


You had 4 spell levels left.
You didn't know any spells.

Dungeon Overview and Level Annotations

Branches:
Dungeon (4/15)
 Temple: D:4-7

Altars:
Xom


Message History

Your shield prevents you from hitting the orc priest.
The orc priest hits you but does no damage.
The orc hits you with a trident.
* * * LOW HITPOINT WARNING * * *
You closely miss the orc priest.
The orc priest calls down the wrath of Beogh upon you.
Pain shoots through your body!
* * * LOW HITPOINT WARNING * * *
You emit a cloud of colourful smoke!
The orc hits you but does no damage.
You hit the orc priest but do no damage.
You block the orc priest's attack. The orc barely misses you.
The orc priest hits you with a dagger.
* * * LOW HITPOINT WARNING * * *
Unknown command.
A red film seems to cover your vision as you go berserk!
You feel yourself moving faster!
You feel mighty! The orc hits you with a trident.
You die...
Xom chuckles heartily!

# #[# ##. #.#
##..####.#
.........##
..........##
...........#
....?...§..###..
......o@).....(.
......o§.......#
................
................
.........#..$.##
##.####..######
#. #.## . ...


You could see an orc priest and an orc.

Vanquished Creatures
  Jessica (D:3)
  4 adders
  A dart slug (D:2)
  2 leopard geckos (D:3)
  5 orcs
  10 bats
  A giant cockroach (D:1)
  7 goblins
  12 hobgoblins
  11 jackals
  7 kobolds
  A ball python (D:3)
  3 frilled lizards
  7 rats
72 creatures vanquished.

Notes
Turn   | Place    | Note
-------+----------+-------------------------------------------
     0 | D:1      | Frqise the Hill Orc Fighter began the quest for the Orb.
     0 | D:1      | Reached XP level 1. HP: 19/19 MP: 1/1
   318 | D:1      | Reached XP level 2. HP: 18/26 MP: 2/2
  1222 | D:2      | Reached XP level 3. HP: 15/33 MP: 3/3
  2048 | D:2      | Reached XP level 4. HP: 40/40 MP: 4/4
  2542 | D:3      | Noticed Jessica
  2551 | D:3      | Killed Jessica
  2551 | D:3      | Reached skill level 1 in Dodging
  2625 | D:3      | Reached XP level 5. HP: 46/46 MP: 5/5
  2969 | D:3      | Found a shimmering altar of Xom.
  2969 | D:3      | Found a shimmering altar of Xom.
  2980 | D:3      | Found a shimmering altar of Xom.
  2980 | D:3      | Found a shimmering altar of Xom.
  2980 | D:3      | Found a shimmering altar of Xom.
  3007 | D:3      | Became a worshipper of Xom of Chaos
  3020 | D:3      | Found a shimmering altar of Xom.
  3020 | D:3      | Found a shimmering altar of Xom.
  3086 | D:3      | XOM: silly message
  3117 | D:4      | XOM: smoke on damage
  3118 | D:4      | HP: 1/46 [orc priest/dagger (4)]
  3119 | D:4      | Slain by an orc

Skill      XL: |  1  2  3  4  5 |
---------------+----------------+-----
Shields        | 4 |  4.5
Fighting       | 4 |  4.2
Armour         | 4 |  4.1
Dodging        | 1 |  1.0
Long Blades    | 3 |  3.2

Action                   |  1- 3 |  4- 6 || total
-------------------------+-------+-------++-------
Melee: Long sword        |   142 |   135 ||   277
  Use: Scroll            |     5 |     2 ||     7
       Potion            |     1 |     1 ||     2
  Eat: Fruit             |     1 |     1 ||     2
       Bread ration      |     1 |       ||     1
       Royal jelly       |       |     1 ||     1
Armor: Scale mail        |   119 |    83 ||   202
Dodge: Dodged            |    68 |    46 ||   114
Block: Shield            |   107 |    92 ||   199
       Rpst.: Long sword |    20 |    11 ||    31
